 Dungeon Crawl Stone Soup version 0.28.0 (webtiles) character file.

Game seed: 15536467301891471483

30803 BorgnjorsVileCrotch the Severer (level 13, -4/117 HPs)
             Began as a Deep Dwarf Fighter on Feb 12, 2022.
             Was a Believer of Elyvilon.
             Slain by a merfolk (12 damage)
             ... on level 1 of the Shoals.
             The game lasted 00:25:12 (3814 turns).

BorgnjorsVileCrotch the Severer (DDFi)              Turns: 3814, Time: 00:25:13

Health: -4/117     AC: 22    Str: 25    XL:     13   Next: 22%
Magic:  12/12      EV:  8    Int:  9    God:    Elyvilon [**....]
Gold:   618        SH:  5    Dex: 15    Spells: 12/12 levels left

rFire   + . .      SeeInvis +   H - +8 battleaxe of the Big Fish {vorpal, Dex+3}
rCold   . . .      Faith    .   (shield currently unavailable)
rNeg    . . .      Spirit   .   T - +4 plate armour {rF+}
rPois   .          Reflect  +   X - +2 helmet {SInv}
rElec   .          Harm     .   e - scarf {repulsion}
rCorr   .          Rampage  .   V - +0 pair of gloves
Will    +....                   (no boots)
Stlth   ..........              E - amulet of reflection
HPRegen 0.00/turn               o - +4 ring of slaying
MPRegen 0.13/turn               W - +4 ring of slaying

@: lethally poisoned (-4 -> -51), mesmerised, studying Axes, repel missiles,
very slow
A: damage resistance, heal wounds, sense surroundings 2, no regeneration
a: Heal Wounds, Renounce Religion, Purification, Heal Other


You were on level 1 of the Shoals.
You worshipped Elyvilon.
Elyvilon was pleased with you.
You visited 4 branches of the dungeon, and saw 19 of its levels.
You also visited: Ossuary, Gauntlet and Volcano.

You collected 618 gold pieces.

Inventory:

Hand Weapons
 a - a +0 war axe
 w - a +2 broad axe of electrocution
   (You found it on level 5 of the Dungeon)
 y - a +0 hand axe of electrocution
   (You took it off an orc on level 7 of the Dungeon)
 B - the +7 falchion of Context {speed, *Slow rF+ rC+ Dex+2}
   (You found it on level 7 of the Dungeon)

   Attacks with this weapon are significantly faster.
   Dex:       It affects your dexterity (+2).
   rF:        It protects you from fire.
   rC:        It protects you from cold.
   *Slow:     It may slow you when you take damage.
 H - the +8 battleaxe of the Big Fish (weapon) {vorpal, Dex+3}
   (You took it off a minotaur in a Gauntlet)

   It inflicts extra damage upon your enemies.
   Dex:       It affects your dexterity (+3).
 J - a +2 whip of freezing
   (You took it off Pikel on level 9 of the Dungeon)
Missiles
 s - 2 throwing nets (quivered) {!f}
 u - 2 silver javelins
Armour
 b - a +0 scale mail
 c - a +0 buckler
 e - a scarf of repulsion (worn)
   (You found it on level 1 of the Dungeon)
 g - a +0 chain mail
   (You found it on level 2 of the Dungeon)
 A - a +0 cloak
   (You found it on level 7 of the Dungeon)
 F - a +2 helmet
   (You found it on level 9 of the Dungeon)
 I - a +0 plate armour
   (You took it off an orc warrior on level 9 of the Dungeon)
 Q - the +0 scale mail "Egehepul" {-Cast rPois Str+3 SInv}
   (You found it on level 9 of the Dungeon)

   Str:       It affects your strength (+3).
   rPois:     It protects you from poison.
   SInv:      It lets you see invisible.
   -Cast:     It prevents spellcasting.
 T - a +4 plate armour of fire resistance (worn)
   (You found it in a volcano)
 V - a +0 pair of gloves (worn)
   (You found it on level 4 of the Lair of Beasts)
 X - a +2 helmet of see invisible (worn)
   (You found it in a Gauntlet)
Jewellery
 h - the ring of Ruemec {rC+ rN+ Str+4}
   (You acquired it on level 11 of the Dungeon)

   [ring of positive energy]

   Str:       It affects your strength (+4).
   rC:        It protects you from cold.
   rN:        It protects you from negative energy.
 o - a +4 ring of slaying (left hand)
   (You found it on level 5 of the Dungeon)
 C - a +4 ring of protection
   (You found it on level 7 of the Dungeon)
 E - an amulet of reflection (around neck)
   (You found it on level 9 of the Dungeon)
 K - a +4 ring of protection
   (You found it on level 10 of the Dungeon)
 M - a ring of see invisible
   (You found it on level 10 of the Dungeon)
 R - an amulet of the acrobat
   (You found it on level 2 of the Lair of Beasts)
 W - a +4 ring of slaying (right hand)
   (You found it on level 5 of the Lair of Beasts)
Wands
 i - a wand of flame (20) {@v4}
   (You found it on level 2 of the Dungeon)
 j - a wand of iceblast (32) {@v2}
   (You found it on level 5 of the Dungeon)
 G - a wand of paralysis (3)
   (You found it on level 9 of the Dungeon)
 U - a wand of acid (3) {@v1}
   (You found it on level 2 of the Lair of Beasts)
 Z - a wand of charming (6)
   (You found it in a Gauntlet)
Scrolls
 l - 3 scrolls of vulnerability
 q - a scroll of silence
 z - 6 scrolls of teleportation {@r3 !r}
 N - a scroll of fear {!r}
 S - 2 scrolls of immolation
Potions
 d - 4 potions of might {@q3 !q}
 f - 5 potions of cancellation
 k - 4 potions of heal wounds {@q2 !q}
 n - 2 potions of curing {@q1 !q}
 p - a potion of magic
 r - 2 potions of attraction {unknown}
 t - a potion of haste {@q4 !q}
 v - 5 potions of lignification {unknown}
 x - a potion of mutation
 D - 2 potions of degeneration
 L - 3 potions of resistance
 O - a potion of berserk rage {unknown}
 P - 3 potions of flight {unknown}
Miscellaneous
 Y - a lightning rod (4/4)
   (You found it in a Gauntlet)


   Skills:
 - Level 8.0 Fighting
 + Level 18.2 Axes
 + Level 8.6 Armour
 + Level 2.1 Dodging
 - Level 8.3 Shields
 + Level 11.2 Invocations
 - Level 4.0 Evocations


You had 12 spell levels left.
You didn't know any spells.
Your spell library contained the following spells:

 Spells                   Type           Power      Damage    Failure   Level
 Conjure Ball Lightning   Conj/Air       0%         3x3d6     100%        6
 Discord                  Hex            0%         N/A       100%        8
 Disjunction              Tloc           0%         N/A       100%        8


Dungeon Overview and Level Annotations

Branches:
Dungeon (11/15)            Temple (1/1) D:5            Lair (6/6) D:10
 Shoals (1/4) Lair:4        Slime (0/5) Lair:6      Ossuary (visited)
Volcano (visited)         Gauntlet (visited)
  Snake: Lair:2-4    Spider: Lair:2-4       Orc: D:9-12

Altars:
Ashenzari
Elyvilon
Ru
Sif Muna
Yredelemnul

Annotations:
D:8 1 transporter, altcumming's ghost, novice NaDe


Innate Abilities, Weirdness & Mutations

You are resistant to damage.
You can heal yourself by infusing magical energy.
You passively map the area around you.
You do not regenerate.


Message History

You hit the water elemental but do no damage.
You slice the water elemental!!
Your lungs strain for air!
The sea snake bites you but does no damage.
The water elemental hits you!
The merfolk hits you but does no damage.
The merfolk hits you from afar with a +0 trident!
* * * LOW HITPOINT WARNING * * *
The water elemental hits you!
* * * LOW HITPOINT WARNING * * *
You feel much better.
Your lungs strain for air!
The sea snake bites you. The merfolk closely misses you.
You block the water elemental's attack. The water elemental hits you!
* * * LOW HITPOINT WARNING * * *
The merfolk hits you from afar with a +0 trident.
* * * LOW HITPOINT WARNING * * *
The merfolk siren chants a haunting song.
You resist with almost no effort.
You feel much better.
Your lungs strain for air!
The sea snake bites you but does no damage.
The water elemental closely misses you.
The merfolk hits you from afar with a +0 trident!!
* * * LOW HITPOINT WARNING * * *
The water elemental hits you.
The merfolk hits you but does no damage.
You block the merfolk siren's attack.
You hear a splash. x2
You feel much better.
Your lungs strain for air!
The sea snake bites you but does no damage.
You block the merfolk's attack. The water elemental hits you. x2
The merfolk hits you but does no damage.
The sea snake closely misses you.
The merfolk siren hits you from afar with a +0 vorpal spear!
You feel much better.
Your lungs strain for air!
The merfolk closely misses you. The water elemental barely misses you.
You block the sea snake's attack. The merfolk closely misses you.
You block the water elemental's attack.
The merfolk siren hits you but does no damage.
You slip free of the water engulfing you.
Your lungs strain for air!
The sea snake bites you but does no damage.
The merfolk barely misses you. You block the water elemental's attack.
The merfolk hits you from afar with a +0 trident.
The merfolk siren chants a haunting song.
You are mesmerised by the merfolk siren!
You barely miss the sea snake.
The sea snake is severely wounded.
You slice the water elemental!!
You destroy the water elemental!
You gasp with relief as air once again reaches your lungs.
You slice the water elemental!!
You destroy the water elemental!
The sea snake bites you!
You are more poisoned.
The sea snake poisons you! You block the merfolk's attack.
The merfolk closely misses you.
You feel much better.
You feel extremely sick.
The merfolk siren chants its luring song.
The sea snake closely misses you.
The merfolk hits you from afar with a +0 trident.
The merfolk hits you but does no damage.
You enter the shallow water.
Moving in this stuff is going to be slow.
You feel extremely sick. The sea snake bites you.
You are more poisoned.
The sea snake poisons you!
The merfolk siren chants its luring song.
A water nymph comes into view.
The merfolk hits you with a +0 trident!
* * * LOW HITPOINT WARNING * * *
The sea snake bites you.
You are more poisoned.
The sea snake poisons you!
The merfolk siren chants its luring song.
You feel much better.
You feel extremely sick.
The water nymph shouts!
The water nymph gestures at you while chanting.
The water swirls and strikes you! The merfolk barely misses you.
You block the sea snake's attack.
The merfolk hits you from afar with a +0 trident!
* * * LOW HITPOINT WARNING * * *
The merfolk siren chants its luring song.
You feel much better.
* * * LOW HITPOINT WARNING * * *
You feel extremely sick. You block the sea snake's attack.
The water nymph casts a spell at you. The water swirls and strikes you!!
* * * LOW HITPOINT WARNING * * *
The merfolk hits you with a +0 trident! Elyvilon protects you from harm!
The merfolk hits you from afar with a +0 trident!
You die...

,,, ≈ ≈≈ ≈ ≈ , #...>
* ...#*.. ≈ , .....,
*,...##.. ≈ *.≈... **
...... ≈≈ ≈ ≈
m...####....> ≈
#.........# , ≈ ,,
*##.≈.....≈.###≈≈ ≈≈
##..≈≈≈≈≈≈≈....≈ ≈
...≈≈≈m.@m≈...≈≈≈ ≈ ≈
, ≈≈≈≈≈≈≈≈Sm≈≈≈≈≈≈ ≈
≈≈≈≈≈≈≈≈≈≈≈≈≈≈≈≈ ≈ ≈
≈
≈≈≈≈≈...≈≈≈≈≈≈≈≈≈≈≈≈≈
≈ ≈≈≈≈≈≈≈..≈≈≈≈≈≈≈≈
≈≈ ≈ ≈
≈≈≈≈≈≈≈≈≈≈≈≈≈≈≈≈≈ ≈
≈≈ ≈ ≈≈≈≈≈≈≈≈≈≈≈≈≈≈≈≈
≈≈ ≈≈ ≈
≈≈≈≈≈≈≈≈≈≈≈≈≈≈≈≈ ≈ ≈
≈≈≈≈≈≈≈≈≈≈≈≈≈≈≈≈ ≈


You could see a sea snake, 2 merfolk, a merfolk siren (mesmerising) and a water
nymph.

Vanquished Creatures
  Nessos (Lair:6)
  A minotaur (Gauntlet)
  Harold (D:8)
  2 catoblepae
  2 boulder beetles
  4 two-headed ogres
  A sixfirhy (Gauntlet)
  A wizard (Gauntlet)
  Pikel (D:9)
  2 salamanders (Volcano)
  A cyclops (D:11)
  A worldbinder (Gauntlet)
  A moth of wrath (Gauntlet)
  3 black mambas
  3 cane toads
  A torpor snail (Lair:5)
  7 komodo dragons
  A rime drake (Lair:6)
  3 polar bears (Lair:6)
  A troll (D:9)
  A hornet (D:9)
  4 blink frogs (Lair:5)
  14 dream sheep
  3 water elementals (Shoals:1)
  5 wyverns
  21 yaks
  2 basilisks (Lair:6)
  3 fire bats (Volcano)
  2 vampire mosquitoes (D:10)
  2 wargs (D:10)
  Duvessa (D:4)
  7 water moccasins
  A hell hound (Volcano)
  2 ice beasts (D:7)
  A black bear (Lair:2)
  2 orc warriors
  2 ogres
  A necrophage (D:4)
  10 wolves
  2 boggarts (Gauntlet)
  8 centaurs
  4 lemures (D:9)
  A phantom (D:5)
  3 kobold brigands
  3 bullfrogs
  A gnoll sergeant (D:5)
  A scorpion (D:7)
  A wyvern skeleton (D:7)
  5 water moccasin zombies (Ossuary)
  Dowan (D:4)
  A howler monkey (D:9)
  A centaur zombie (D:8)
  A hound (D:4)
  A jelly (D:7)
  4 orc priests
  8 orc wizards
  2 mummies (Ossuary)
  2 howler monkey zombies (D:7)
  8 gnolls (D:5)
  An adder (D:2)
  A shadow imp (Gauntlet)
  2 white imps (D:7)
  3 ufetubi (Gauntlet)
  4 adder zombies (Ossuary)
  A worm (D:2)
  25 orcs
  2 bats
  3 endoplasms
  A giant cockroach (D:2)
  5 gnoll zombies (Ossuary)
  2 hobgoblins
  4 jackals (D:2)
  2 ball pythons
  A frilled lizard (D:2)
  4 goblins (D:2)
  5 hobgoblin zombies (Ossuary)
  15 kobolds
  2 kobold zombies (Ossuary)
  3 orc zombies (Ossuary)
  A rat (D:2)
267 creatures vanquished.

Vanquished Creatures (others)
  A merfolk aquamancer (Shoals:1)
  A death yak (Lair:6)
  A blink frog (Lair:3)
  A wyvern (Lair:6)
  2 fungi
  3 plants
9 creatures vanquished.

Grand Total: 276 creatures vanquished

Notes
Turn   | Place    | Note
-------+----------+-------------------------------------------
     0 | D:1      | BorgnjorsVileCrotch the Deep Dwarf Fighter began the quest
                  | for the Orb.
     0 | D:1      | Reached XP level 1. HP: 20/20 MP: 1/1
   123 | D:2      | Reached skill level 3 in Axes
   149 | D:2      | Reached XP level 2. HP: 10/27 MP: 2/2
   233 | D:2      | Reached XP level 3. HP: 32/33 MP: 3/3
   236 | D:2      | Reached skill level 4 in Axes
   470 | D:2      | You fall into a shaft and drop 2 floors!
   470 | D:4      | Noticed a necrophage
   475 | D:4      | Killed a necrophage
   476 | D:4      | Reached skill level 5 in Axes
   476 | D:4      | Reached XP level 4. HP: 32/40 MP: 4/4
   476 | D:4      | Noticed Duvessa
   479 | D:4      | Noticed Dowan
   482 | D:4      | Reached XP level 5. HP: 32/46 MP: 5/5
   486 | D:4      | Reached skill level 6 in Axes
   497 | D:4      | Killed Duvessa
   498 | D:4      | Reached skill level 7 in Axes
   498 | D:4      | Reached XP level 6. HP: 40/55 MP: 6/6
   500 | D:4      | Killed Dowan
   538 | D:5      | Entered Level 5 of the Dungeon
   553 | D:5      | Reached skill level 8 in Axes
   612 | D:5      | Found a sand-covered staircase.
   616 | Ossuary  | Entered an ossuary
   637 | Ossuary  | Reached XP level 7. HP: 46/61 MP: 7/7
   683 | Ossuary  | Reached skill level 9 in Axes
  1012 | D:6      | Reached skill level 10 in Axes
  1056 | D:7      | Reached XP level 8. HP: 45/68 MP: 8/8
  1062 | D:7      | Your magical essence is drained by the effort!
  1073 | D:7      | Reached skill level 11 in Axes
  1088 | D:7      | Your magical essence is drained by the effort!
  1099 | D:7      | Noticed a boulder beetle
  1116 | D:7      | Your magical essence is drained by the effort!
  1127 | D:7      | Killed a boulder beetle
  1128 | D:7      | Reached skill level 13 in Axes
  1128 | D:7      | Gained mutation: You passively map the area around you.
                  | [Deep Dwarf growth]
  1128 | D:7      | Reached XP level 9. HP: 25/74 MP: 6/6
  1133 | D:7      | Identified the +7 falchion of Context {speed, *Slow rF+ rC+
                  | Dex+2}
  1357 | D:5      | Found a broken altar of Ashenzari.
  1372 | D:5      | Found a staircase to the Ecumenical Temple.
  1382 | Temple   | Entered the Ecumenical Temple
  1401 | Temple   | Became a worshipper of Elyvilon the Healer
  1541 | D:8      | Noticed Harold
  1550 | D:8      | Reached skill level 1 in Invocations
  1552 | D:8      | Killed Harold
  1553 | D:8      | Reached skill level 3 in Fighting
  1553 | D:8      | Reached skill level 14 in Axes
  1553 | D:8      | Reached skill level 3 in Invocations
  1640 | D:8      | Noticed altcumming's ghost (novice NaDe)
  1641 | D:8      | Found a transporter.
  1642 | D:8      | Noticed a two-headed ogre
  1672 | D:9      | Noticed a two-headed ogre
  1689 | D:9      | Killed a two-headed ogre
  1690 | D:9      | Reached skill level 4 in Fighting
  1690 | D:9      | Reached skill level 4 in Invocations
  1713 | D:9      | Reached XP level 10. HP: 58/87 MP: 10/10
  1769 | D:9      | Noticed a two-headed ogre
  1772 | D:9      | Your magical essence is drained by the effort!
  1775 | D:9      | Reached skill level 5 in Invocations
  1782 | D:9      | Killed a two-headed ogre
  1783 | D:9      | Reached skill level 15 in Axes
  1804 | D:9      | Reached skill level 5 in Fighting
  1838 | D:9      | Reached skill level 6 in Invocations
  1852 | D:9      | Your magical essence is drained by the effort!
  1867 | D:9      | Reached skill level 6 in Fighting
  1867 | D:9      | Reached skill level 16 in Axes
  1884 | D:9      | Noticed Pikel
  1887 | D:9      | Your magical essence is drained by the effort!
  1908 | D:9      | Reached * piety under Elyvilon
  1922 | D:9      | Killed Pikel
  1988 | D:10     | Entered Level 10 of the Dungeon
  2007 | D:10     | Identified a scroll of acquirement
  2031 | D:10     | Found a staircase to the Lair.
  2035 | D:10     | Reached XP level 11. HP: 54/97 MP: 9/9
  2226 | D:11     | Reached ** piety under Elyvilon
  2229 | D:11     | Noticed a catoblepas
  2245 | D:11     | Killed a catoblepas
  2246 | D:11     | Reached skill level 17 in Axes
  2333 | D:11     | Acquired a manual of Axes
  2432 | D:9      | Identified the +0 scale mail "Egehepul" {-Cast rPois Str+3
                  | SInv}
  2455 | D:9      | Noticed a two-headed ogre
  2463 | D:9      | Killed a two-headed ogre
  2464 | D:9      | Reached skill level 1 in Evocations
  2632 | D:10     | Reached *** piety under Elyvilon
  2652 | Lair:1   | Entered Level 1 of the Lair of Beasts
  2664 | Lair:1   | Reached skill level 2 in Evocations
  2748 | Lair:2   | Found a dark tunnel.
  2760 | Volcano  | Entered a volcano
  2775 | Volcano  | Reached skill level 4 in Armour
  2775 | Volcano  | Reached skill level 4 in Shields
  2815 | Volcano  | Noticed a two-headed ogre
  2827 | Volcano  | Your magical essence is drained by the effort!
  2829 | Volcano  | Your magical essence is drained by the effort!
  2841 | Volcano  | Reached skill level 7 in Invocations
  2841 | Volcano  | Reached skill level 3 in Evocations
  2844 | Volcano  | Killed a two-headed ogre
  2863 | Volcano  | Your magical essence is drained by the effort!
  2990 | Lair:2   | Reached skill level 18 in Axes
  3021 | Lair:3   | Noticed a four-headed hydra
  3022 | Lair:3   | Pacified a four-headed hydra
  3023 | Lair:3   | Reached skill level 4 in Evocations
  3044 | Lair:4   | Found a staircase to the Shoals.
  3051 | Lair:4   | Reached skill level 5 in Shields
  3054 | Lair:4   | Reached skill level 5 in Armour
  3062 | Lair:4   | You fall into a shaft and drop 2 floors!
  3062 | Lair:6   | Entered Level 6 of the Lair of Beasts
  3081 | Lair:6   | Found a staircase to the Slime Pits.
  3098 | Lair:6   | Reached XP level 12. HP: 86/106 MP: 8/8
  3147 | Lair:6   | Reached skill level 7 in Fighting
  3147 | Lair:6   | Reached skill level 8 in Invocations
  3180 | Lair:6   | Noticed a seven-headed hydra
  3181 | Lair:6   | Pacified a seven-headed hydra
  3182 | Lair:6   | Reached skill level 6 in Armour
  3182 | Lair:6   | Reached skill level 6 in Shields
  3184 | Lair:6   | Noticed Nessos
  3195 | Lair:6   | Killed Nessos
  3196 | Lair:6   | Reached skill level 9 in Invocations
  3215 | Lair:6   | Noticed a death yak
  3218 | Lair:6   | Killed a death yak
  3282 | Lair:5   | Reached skill level 7 in Shields
  3301 | Lair:5   | Noticed a boulder beetle
  3309 | Lair:5   | Killed a boulder beetle
  3310 | Lair:5   | Reached skill level 8 in Fighting
  3310 | Lair:5   | Reached skill level 7 in Armour
  3364 | Lair:5   | Reached skill level 10 in Invocations
  3382 | Lair:5   | Noticed an eight-headed hydra
  3385 | Lair:5   | Pacified an eight-headed hydra
  3409 | Lair:5   | Found a gate leading to a gauntlet.
  3426 | Lair:5   | Reached skill level 8 in Shields
  3434 | Gauntlet | Entered a Gauntlet
  3434 | Gauntlet | Found a transporter.
  3434 | Gauntlet | Found a transporter.
  3434 | Gauntlet | Found a transporter.
  3439 | Gauntlet | Found a transporter.
  3439 | Gauntlet | Found a transporter.
  3448 | Gauntlet | Found a transporter.
  3453 | Gauntlet | Found a transporter.
  3472 | Gauntlet | Found a transporter.
  3474 | Gauntlet | Found a large runed translucent door.
  3475 | Gauntlet | Found a large runed translucent door.
  3476 | Gauntlet | Found a large runed translucent door.
  3476 | Gauntlet | Found a large runed translucent door.
  3476 | Gauntlet | Found a runed translucent door.
  3476 | Gauntlet | Found a runed translucent door.
  3477 | Gauntlet | Found a large runed translucent door.
  3478 | Gauntlet | Found a large runed translucent door.
  3478 | Gauntlet | Found a large runed translucent door.
  3478 | Gauntlet | Found a large runed translucent door.
  3478 | Gauntlet | Found a transporter.
  3478 | Gauntlet | Found a large runed translucent door.
  3478 | Gauntlet | Found a large runed translucent door.
  3479 | Gauntlet | Found a large runed translucent door.
  3479 | Gauntlet | Found a large runed translucent door.
  3480 | Gauntlet | Found a transporter.
  3480 | Gauntlet | Found a runed translucent gate.
  3480 | Gauntlet | Found a runed translucent gate.
  3540 | Gauntlet | Found a large runed translucent door.
  3540 | Gauntlet | Found a large runed translucent door.
  3542 | Gauntlet | Found a large runed translucent door.
  3542 | Gauntlet | Found a large runed translucent door.
  3543 | Gauntlet | Found a runed translucent gate.
  3544 | Gauntlet | Found a transporter.
  3556 | Gauntlet | Reached skill level 8 in Armour
  3556 | Gauntlet | Reached XP level 13. HP: 106/117 MP: 11/11
  3570 | Gauntlet | Found a transporter.
  3643 | Gauntlet | Identified the +8 battleaxe of the Big Fish {vorpal, Dex+3}
  3643 | Gauntlet | Noticed a minotaur
  3654 | Gauntlet | Killed a minotaur
  3662 | Gauntlet | Identified the +4 falchion of Mayhem {vorpal, SInv}
  3688 | Lair:5   | Reached skill level 1 in Dodging
  3688 | Lair:5   | Reached skill level 11 in Invocations
  3765 | Lair:4   | Acquired the ring of Ruemec {rC+ rN+ Str+4}
  3795 | Shoals:1 | Entered Level 1 of the Shoals
  3797 | Shoals:1 | Reached skill level 2 in Dodging
  3814 | Shoals:1 | Elyvilon protects you from harm!
  3814 | Shoals:1 | Slain by a merfolk

Illustrated notes

Levels and vault maps discovered:
D:1:      roderic_octagonal_star, layout_basic, basic_ecumenical_altar,
          minmay_misc_feat_roman
D:2:      layout_basic
D:3:      layout_basic, nicolae_hepliaklqana_hazy_memory,
          mainiacjoe_overflow_boulevard, minmay_liquid_box, grunt_ministairs_13,
          uniq_pargi, uniq_terence
D:4:      layout_basic, minmay_increasing_density, uniq_duvessa
D:5:      layout_loops_cross, mainiacjoe_overflow_catwalk, temple_green,
          enter_ossuary_5, water_maze_lemuel
D:6:      layout_gridville, chequers_hall_statues_y, uniq_blork_the_orc
D:7:      layout_layer_cave, grunt_potential
D:8:      layout_loops_cross, chequers_temple_overflow_statue_of_worship,
          gammafunk_ghost_smash, hangedman_decor_push, uniq_harold
D:9:      argonaut_augean_stables, layout_basic, hangedman_decor_peaks_small,
          uniq_pikel, uniq_gastronok
D:10:     layout_stronghold, erik_lair_orcish_takeover, grunt_ministairs_6,
          uniq_sonja
D:11:     layout_irregular_city
Temple:   regret_index_temple_waves
Lair:1:   layout_cave_pods, grunt_megastairs_5, serial_bayou_shore_a,
          uniq_joseph
Lair:2:   layout_big_grid, hellmonk_spider_entry_life_and_decay,
          lightli_volcano_entry_magma_tube, hangedman_lair_generics_rect,
          grunt_megastairs_3
Lair:3:   layout_layer_cave, gammafunk_ghost_necromancy
Lair:4:   layout_regular_city, shoals_dummy_entry, pf_torpor_hydra
Lair:5:   nzn_winding_woodlands_small [nzn_winding_woodlands_5x15_jagged,
          nzn_winding_woodlands_center_pierced_h,
          nzn_winding_woodlands_5x15_concentric], layout_long_grid,
          gauntlet_entry_generic, pond
Lair:6:   cheibrodos_lair_end_hotspot, layout_regular_city,
          dpeg_slime_entry_corner, uniq_nessos
Shoals:1: layout_shoals, serial_shops, nicolae_shop_trees

Skill      XL: |  1  2  3  4  5  6  7  8  9 10 11 12 13 |
---------------+----------------------------------------+-----
Axes           | 3 5 7 8 10 13 14 16 18 | 18.2
Invocations    | 4 6 7 10 11 | 11.2
Fighting       | 4 6 8 |  8.0
Evocations     | 4 |  4.0
Armour         | 5 8 |  8.6
Shields        | 5 8 |  8.3
Dodging        | 2 |  2.1

Action                   |  1- 3 |  4- 6 |  7- 9 | 10-12 | 13-15 || total
-------------------------+-------+-------+-------+-------+-------++-------
Melee: War axe           |    50 |    52 |    58 |       |       ||   160
       Broad axe         |       |       |   115 |   314 |    39 ||   468
       Battleaxe         |       |       |       |       |    15 ||    15
Throw: Dart              |       |       |       |       |     1 ||     1
       Throwing net      |       |       |       |       |     1 ||     1
Invok: Heal Self         |       |       |       |    10 |     2 ||    12
       Heal Other        |       |       |       |     5 |     1 ||     6
 Abil: Heal Wounds       |     1 |     2 |    13 |    20 |     8 ||    44
Evoke: Wand              |       |       |       |     1 |       ||     1
  Use: Scroll            |       |       |    12 |     8 |     3 ||    23
       Potion            |       |       |       |     2 |       ||     2
 Stab: Paralysed         |       |       |       |     4 |       ||     4
       Held in net/web   |       |       |       |       |     2 ||     2
Armor: Scale mail        |    25 |       |       |       |       ||    25
       Chain mail        |    28 |    36 |    84 |    11 |       ||   159
       Plate armour      |       |       |       |   121 |    33 ||   154
Dodge: Dodged            |    37 |    28 |    56 |    64 |    21 ||   206
       Repelled          |       |     3 |       |     1 |       ||     4
Block: Buckler           |    23 |    13 |    43 |   151 |    11 ||   241
       Reflection        |       |       |       |     3 |       ||     3
       Other             |       |       |       |       |    14 ||    14
